 Dungeon Crawl Stone Soup version bcrawl-1.27.1d (webtiles) character file.

Game seed: 15680498595789773389

159079 OutcastIllithid the Conjurer (level 5, -3/31 HPs)
             Began as an Octopode Wizard on July 15, 2020.
             Slain by an orc
             ... wielding a +0 club
              (4 damage)
             ... on level 3 of the Dungeon.
             The game lasted 00:07:28 (2335 turns).

OutcastIllithid the Conjurer (Octopode Wizard)      Turns: 2335, Time: 00:07:28

Health: -3/31      AC:  1    Str:  6    XL:     5   Next: 55%
Magic:  1/9        EV: 13    Int: 22    God:
Gold:   151        SH:  0    Dex: 10    Spells: 2/10 levels left

rFire    . . .     SeeInvis .   n - +1 spear
rCold    . . .     Gourm    .   (no shield)
rNeg     . . .     Faith    .   b - +0 hat
rPois    .         Spirit   .   (cloak restricted)
rElec    .         Reflect  .   (no amulet)
rCorr    .         Harm     .   (no ring)
MR       .....                  (no ring)
Stlth    +++.......             (no ring)
HPRegen  0.10/turn              (no ring)
MPRegen  0.11/turn              (no ring)
                                (no ring)
                                (no ring)
                                (no ring)

@: no status effects
A: almost no armour, stealthy swim, amphibious, 8 rings, constrict 8, camouflage
1, gelatinous body 1
a: no special abilities


You were on level 3 of the Dungeon.
You were not hungry.

You visited 1 branch of the dungeon, and saw 3 of its levels.

You collected 151 gold pieces.

Inventory:

Hand Weapons
 a - a +0 staff
 n - a +1 spear (weapon)
Missiles
 p - 60 poisoned tomahawks (quivered)
Armour
 b - a +0 hat (worn)
Scrolls
 c - a scroll of enchant weapon
 g - a scroll of immolation {unknown}
 h - a scroll of magic mapping {unknown}
 i - a scroll of amnesia {unknown}
 l - 2 scrolls of noise {unknown}
 m - a scroll of remove curse {unknown}
 o - a scroll of teleportation {unknown}
 q - a scroll of enchant armour {unknown}
Potions
 d - a potion of brilliance
 f - a potion of curing {unknown}
 j - a potion of haste {unknown}
Comestibles
 e - 9 rations {!d}
 k - 8 chunks of flesh


   Skills:
 - Level 2.0 Dodging
 - Level 3.0 Stealth
 - Level 3.0 Spellcasting
 + Level 4.8 Conjurations
 - Level 1.0 Summonings
 - Level 1.0 Translocations
 - Level 2.1 Poison Magic


You had 2 spell levels left.
You knew the following spells:

 Your Spells              Type           Power        Failure   Level  Hunger
a - Magic Dart            Conj           ###.         1%          1    None
b - Blink                 Tloc           N/A          12%         2    #......
c - Call Imp              Summ           #.....       12%         2    #......
x - Mephitic Cloud        Conj/Pois/Air  ##......     14%         3    ####...

Your spell library contained the following spells:

 Spells                   Type           Power        Failure   Level  Hunger
 Conjure Flame            Conj/Fire      ##......     14%         3    ####...
 Spider Form              Tmut/Pois      #..          24%         3    ####...


Dungeon Overview and Level Annotations

Branches:
Dungeon (3/12)

Altars:

Annotations:
D:2 exclusion: sky beast


Innate Abilities, Weirdness & Mutations

You cannot wear most types of armour.
You are very stealthy in the water. (Stealth+)
You are amphibious.
You can wear up to eight rings at the same time.
You can use your tentacles to constrict eight enemies at once.
Your skin changes colour to match your surroundings (Stealth+).
Your rubbery body absorbs attacks. (AC +1, EV +1)


Message History

* * * LOW HITPOINT WARNING * * *
The orc hits you with a +0 club.
* * * LOW HITPOINT WARNING * * *
You take 15 damage, and have 6/31 hp.
MASSIVE DAMAGE!!
No path to travel!
You hit the orc but do no damage. You constrict the orc.
The orc hits you with a +0 club.
* * * LOW HITPOINT WARNING * * *
You take 3 damage, and have 3/31 hp.
Okay, then.
You hit the orc but do no damage.
You constrict the orc, but do no damage.
The orc hits you with a +0 club.
* * * LOW HITPOINT WARNING * * *
The orc closely misses you.
You take 2 damage, and have 1/31 hp.
You hit the orc but do no damage. You constrict the orc.
The orc hits you with a +0 club.
You die...

#.##.. #....
#...# #...#
#...# #
######...## #
#.........# #
#.####@...#####
#
#.....o........
# #.#.'##'..####
##### #
#...#≈≈#..#
.....###
#..##≈≈##)######
#.... #..#≈≈≈
#..#...#####...
#. #≈≈o
#..)......)....
# ##≈≈
#..........####
#≈≈#.........###
#


You could see an orc (berserk).

Levels and vault maps discovered:
D:1:      shiori_arrival_maze, layout_loops_ring
D:2:      layout_rooms, chequers_ecumenical_altar_simple_redux, minmay_rat_hole
D:3:      layout_rooms, nicolae_overflow_hidden_temple, first_ration,
          gup_sewer_entry_bowl, gammafunk_ghost_necromancy

Notes
Turn   | Place    | Note
-------+----------+-------------------------------------------
     0 | D:1      | OutcastIllithid the Octopode Wizard began the quest for the
                  | Orb.
     0 | D:1      | Reached XP level 1. HP: 11/11 MP: 4/4
    43 | D:1      | Identified a +0 dagger
   133 | D:1      | Reached skill level 2 in Conjurations
   133 | D:1      | Reached XP level 2. HP: 17/17 MP: 6/6
   306 | D:1      | Identified a +0 club
   361 | D:1      | Identified a +0 club
   491 | D:1      | Reached XP level 3. HP: 9/21 MP: 7/7
   590 | D:1      | Reached skill level 3 in Conjurations
   777 | D:1      | Identified a cursed -1 club
   829 | D:1      | Identified a +0 hand axe (You found it on level 1 of the
                  | Dungeon)
   876 | D:1      | Identified a +0 whip
   962 | D:1      | Identified a +0 short sword
  1218 | D:2      | Learned a level 2 spell: Blink
  1221 | D:2      | Learned a level 2 spell: Call Imp
  1225 | D:2      | Learned a level 3 spell: Mephitic Cloud
  1244 | D:2      | Found a faded altar of an unknown god.
  1261 | D:2      | Noticed a sky beast
  1262 | D:2      | Identified a cursed -1 club
  1302 | D:2      | Identified a +0 club
  1335 | D:2      | Identified a +0 dagger
  1349 | D:2      | Identified a +0 club
  1352 | D:2      | Identified a +0 club
  1352 | D:2      | Identified a +0 club
  1367 | D:2      | Reached XP level 4. HP: 14/27 MP: 8/8
  1437 | D:2      | Identified a +0 dagger
  1452 | D:2      | Reached skill level 4 in Conjurations
  1487 | D:2      | Identified a +0 club
  1662 | D:2      | Identified a +0 war axe
  1669 | D:2      | Reached skill level 1 in Poison Magic
  1801 | D:2      | Identified a +0 staff
  1823 | D:2      | Reached XP level 5. HP: 21/31 MP: 4/9
  2123 | D:2      | Identified a +0 spear (You found it on level 2 of the
                  | Dungeon)
  2134 | D:3      | Identified 2 scrolls of enchant weapon
  2173 | D:3      | Reached skill level 2 in Poison Magic
  2282 | D:3      | Identified a +0 dagger
  2282 | D:3      | Identified a +0 robe
  2303 | D:3      | Identified a +0 mace
  2303 | D:3      | Identified a +0 hunting sling
  2303 | D:3      | Identified a +0 flail
  2311 | D:3      | Identified a +0 flail
  2311 | D:3      | Identified a cursed -4 ring of strength
  2321 | D:3      | Identified a +0 club
  2321 | D:3      | Identified a +0 chain mail
  2321 | D:3      | Identified an uncursed amulet of rage
  2332 | D:3      | HP: 6/31 [orc/+0 club (6)]
  2334 | D:3      | HP: 1/31 [orc/+0 club (2)]
  2335 | D:3      | Slain by an orc

Table legend:
 A = Turns spent in this place as a percentage of turns spent in the entire game.
 B = Non-inter-level travel turns spent in this place as a percentage of non-inter-level travel turns spent in the entire game.
 C = Inter-level travel turns spent in this place as a percentage of turns spent in this place.
 D = Turns resting spent in this place as a percentage of non-inter-level travel turns spent in this place.
 E = Turns spent auto-exploring this place as a percentage of non-inter-level travel turns spent in this place.
 F = Non-inter-level travel turns spent in this place divided by the number of levels of this place that you've seen.
                   A       B       C       D       E      F
               +-------+-------+-------+-------+-------+----------------------
         Total | 100.0 | 100.0 |   3.0 |   0.0 |  72.3 | 755.3
       Dungeon | 100.0 | 100.0 |   3.0 |   0.0 |  72.3 | 755.3
               +-------+-------+-------+-------+-------+----------------------

Table legend:
 A = Kills in this place as a percentage of kills in entire the game.
 B = Kills by you in this place as a percentage of kills by you in the entire game.
 C = Kills by friends in this place as a percentage of kills by friends in the entire game.
 D = Other kills in this place as a percentage of other kills in the entire game.
 E = Experience gained in this place as a percentage of experience gained in the entire game.
 F = Experience gained in this place divided by the number of levels of this place that you have seen.
                   A       B       C       D       E      F
               +-------+-------+-------+-------+-------+----------------------
         Total | 100.0 | 100.0 |   N/A |   N/A | 100.0 |  83.3
       Dungeon | 100.0 | 100.0 |   N/A |   N/A | 100.0 |  83.3
               +-------+-------+-------+-------+-------+----------------------

Skill      XL: |  1  2  3  4  5 |
---------------+----------------+-----
Conjurations   | 2 3 4 |  4.8
Poison Magic   | 1 2 |  2.1
Dodging        | |  2.0
Stealth        | |  3.0
Spellcasting   | |  3.0
Summonings     | |  1.0
Translocations | |  1.0

Action                   |  1- 3 |  4- 6 || total
-------------------------+-------+-------++-------
Melee: Staff             |    56 |    10 ||    66
       Constrict         |    28 |    22 ||    50
       Tentacles         |     8 |     8 ||    16
       Hand axe          |    36 |    40 ||    76
       Spear             |       |    32 ||    32
 Cast: Magic Dart        |    30 |    34 ||    64
  Use: Scroll            |       |     1 ||     1
 Stab: Sleeping          |    14 |     2 ||    16
  Eat: Chunk             |     4 |     7 ||    11
Armor: Skin              |     7 |     2 ||     9
Dodge: Dodged            |    63 |    57 ||   120

Vanquished Creatures
  A crimson imp (D:2)
  An orc wizard (D:3)
  An adder (D:3)
  4 worms
  3 dart slugs
  2 leopard geckos
  5 orcs
  5 giant cockroaches
  9 hobgoblins
  3 jackals (D:1)
  7 kobolds
  2 quokkas
  A ball python (D:1)
  5 bats
  5 frilled lizards
  8 goblins
  26 rats
88 creatures vanquished.
